 Dungeon Crawl Stone Soup version 0.28.0 (webtiles) character file.

Game seed: 3862723796570023908

210 crazypyro the Chopper (level 5, -3/48 HPs)
             Began as a Hill Orc Berserker on Feb 10, 2022.
             Was a Believer of Trog.
             Slain by a scorpion (4 damage)
             ... on level 4 of the Dungeon.
             The game lasted 00:03:40 (4125 turns).

crazypyro the Chopper (Hill Orc Berserker)          Turns: 4125, Time: 00:03:42

Health: -3/48      AC:  3    Str: 22    XL:     5   Next: 88%
Magic:  5/5        EV: 12    Int: 13    God:    Trog [**....]
Gold:   82         SH:  0    Dex: 10    Spells: 4/4 levels left

rFire   . . .      SeeInvis .   a - +0 hand axe
rCold   . . .      Faith    .   (no shield)
rNeg    . . .      Spirit   .   c - +0 leather armour
rPois   .          Reflect  .   (no helmet)
rElec   .          Harm     .   (no cloak)
rCorr   .          Rampage  .   (no gloves)
Will    +....                   (no boots)
Stlth   +.........              (no amulet)
HPRegen 0.16/turn               o - ring of willpower
MPRegen 0.09/turn               p - +6 ring of intelligence

@: on berserk cooldown, slowed, very slow
A: no striking features
a: Renounce Religion, Berserk, Trog's Hand


You were on level 4 of the Dungeon.
You worshipped Trog.
Trog was pleased with you.
You visited 1 branch of the dungeon, and saw 4 of its levels.

You collected 82 gold pieces.

Inventory:

Hand Weapons
 a - a +0 hand axe (weapon)
Armour
 b - a +0 animal skin
 c - a +0 leather armour (worn)
Jewellery
 o - a ring of willpower (left hand)
 p - a +6 ring of intelligence (right hand)
Wands
 t - a wand of mindburst (4)
Scrolls
 d - 2 scrolls of identify {unknown}
 e - 2 scrolls of teleportation {unknown}
 h - a scroll of magic mapping {unknown}
 i - a scroll of immolation {unknown}
 j - a scroll of blinking {unknown}
 l - a scroll of fear {unknown}
 s - a scroll of vulnerability {unknown}
 v - a scroll of summoning {unknown}
Potions
 f - a potion of brilliance {unknown}
 g - a potion of magic {unknown}
 k - a potion of mutation {unknown}
 m - a potion of attraction {unknown}
 n - 2 potions of heal wounds
 q - 2 potions of curing {unknown}
 r - a potion of lignification {unknown}
 u - a potion of berserk rage {unknown}


   Skills:
 + Level 5.0 Fighting
 + Level 5.4 Axes
 + Level 3.7 Armour
 + Level 2.7 Dodging


You had 4 spell levels left.
You didn't know any spells.
Your spell library was empty.

Dungeon Overview and Level Annotations

Branches:
Dungeon (4/15)
 Temple: D:4-7

Altars:
Wu Jian


Message History

Trog accepts your kill.
Trog appreciates your killing of a magic user.
You feel a bit more experienced.
You slash the orc!
You kill the orc!
Trog accepts your kill.
You barely miss the scorpion. The scorpion stings you.
You are poisoned.
The scorpion poisons you!
You feel sick. The scorpion closely misses you. The orc closely misses you.
Items here: )) [ †††.
You closely miss the orc. You closely miss the scorpion.
You feel sick.
The scorpion stings you but does no damage.
The orc hits you with a +0 hand axe.
* * * LOW HITPOINT WARNING * * *
You slash the orc!
You kill the orc!
Trog accepts your kill.
You completely miss the scorpion.
You feel sick.
The scorpion stings you but does no damage.
Your Fighting skill increases to level 5!
You feel sick.
You see here a +0 hand axe.
You feel a strong urge to attack something.
You feel sick.
You are no longer berserk.
You are exhausted.
You feel yourself slow down.
You feel sick.
Your skin stops crawling.
You feel less strong-willed.
You feel sick.
There is an open door here.
You feel sick. The scorpion stings you.
* * * LOW HITPOINT WARNING * * *
You hit the scorpion.
The scorpion is lightly wounded.
* * * LOW HITPOINT WARNING * * *
You feel sick.
You are no longer poisoned.
The scorpion barely misses you. The scorpion stings you.
You die...

............#
............#
............+
............#####.#
............'..hKoo
............#####.#
######+#...)).#
#.#s####)#.
##########..@.......
...................##
...................+
...................#
...................+
########...........#
#...........#
#......######
#......#


You could see a scorpion.

Vanquished Creatures
  3 orc wizards
  2 gnolls (D:1)
  An adder (D:3)
  An adder skeleton (D:4)
  3 worms
  2 dart slugs (D:3)
  11 orcs
  2 ball pythons
  6 bats
  4 endoplasms
  15 goblins
  5 hobgoblins
  6 jackals
  8 kobolds
  A quokka (D:2)
  4 frilled lizards
  4 rats
78 creatures vanquished.

Vanquished Creatures (others)
  2 demonic plants (D:3)
2 creatures vanquished.

Grand Total: 80 creatures vanquished

Notes
Turn   | Place    | Note
-------+----------+-------------------------------------------
     0 | D:1      | crazypyro the Hill Orc Berserker began the quest for the
                  | Orb.
     0 | D:1      | Reached XP level 1. HP: 19/19 MP: 1/1
   128 | D:1      | Reached XP level 2. HP: 17/27 MP: 2/2
   461 | D:1      | Reached XP level 3. HP: 21/33 MP: 3/3
  2058 | D:2      | Reached XP level 4. HP: 30/40 MP: 4/4
  2443 | D:3      | Reached ** piety under Trog
  2542 | D:3      | Found the +6 lightning scales {swift, rElec}
  2909 | D:3      | Found an ornate altar of the Wu Jian Council.
  3260 | D:3      | Reached skill level 5 in Axes
  3260 | D:3      | Reached XP level 5. HP: 25/47 MP: 5/5
  3582 | D:3      | Noticed a rust devil
  3583 | D:3      | Found a faded altar of an unknown god.
  4120 | D:4      | Reached skill level 5 in Fighting
  4125 | D:4      | HP: 1/48 [poisoned by a scorpion]
  4125 | D:4      | Slain by a scorpion

Illustrated notes

Levels and vault maps discovered:
D:1:      lemuel_arrival_room, layout_loops_corners
D:2:      layout_loops_ring
D:3:      kennysheep_the_goblin_king, layout_basic, general_overflow_altar,
          dreamdust_ecumenical_altar_sealed_demon
D:4:      layout_basic, serial_shops, nicolae_shop_competitors_out_of_business

Skill      XL: |  1  2  3  4  5 |
---------------+----------------+-----
Fighting       | 4 5 |  5.0
Dodging        | 2 |  2.7
Armour         | 3 |  3.7
Axes           | 5 |  5.4

Action                   |  1- 3 |  4- 6 || total
-------------------------+-------+-------++-------
Melee: Hand axe          |   121 |   158 ||   279
       Punch             |     3 |     1 ||     4
Invok: Berserk           |     1 |     3 ||     4
       Trog's Hand       |       |     2 ||     2
Armor: Leather armour    |    48 |    32 ||    80
Dodge: Dodged            |    72 |    71 ||   143
